 Dungeon Crawl Stone Soup version 0.18.1-6-gd335043 (webtiles) character file.

221513 kae the Executioner (level 18, -2/176 HPs)
             Began as a Deep Dwarf Fighter on May 15, 2016.
             Was the Champion of Makhleb.
             Shot with a sling bullet by a satyr (7 damage)
             ... on level 4 of the Shoals.
             The game lasted 01:18:29 (29126 turns).

kae the Executioner (Deep Dwarf Fighter)           Turns: 29126, Time: 01:18:30

Health: -2/176     AC: 21    Str: 23    XL:     18   Next: 50%
Magic:  18/18      EV: 24    Int:  9    God:    Makhleb [******]
Gold:   2380       SH:  3    Dex: 20    Spells: 0 memorised, 17 levels left

rFire  . . .     SeeInvis +     a - +9 battleaxe (flame)
rCold  . . .     Gourm    .     j - +4 ring mail "Ziass" {MR+}
rNeg   + . .     Faith    .     (shield currently unavailable)
rPois  +         Spirit   .     T - +1 helmet
rElec  .         Dismiss  .     M - +0 cloak {rPois}
rCorr  .         Reflect  +     p - +0 pair of gloves
SustAt .         Harm     .     V - +1 pair of boots {run}
MR     +++..                    S - +3 amulet of reflection
Stlth  +.........               s - ring of flight
                                u - +3 ring of dexterity

@: afraid, non-regenerating, quick, extremely resistant to hostile enchantments,
very unstealthy
A: damage resistance, recharge devices, see invisible, negative energy
resistance 1, sense surroundings 3, slow regeneration 3
a: Device Recharging, Minor Destruction, Lesser Servant of Makhleb, Major
Destruction, Greater Servant of Makhleb, Renounce Religion, Evoke Flight
}: 1/15 runes: serpentine


You were on level 4 of the Shoals.
You worshipped Makhleb.
Makhleb was exalted by your worship.
You were very hungry.

You visited 6 branches of the dungeon, and saw 34 of its levels.
You also visited: Labyrinth, Ossuary, Ice Cave and Volcano.

You collected 3816 gold pieces.
You spent 1436 gold pieces at shops.

Inventory:

Hand Weapons
 a - a +9 battleaxe of flaming (weapon)
 b - the +6 battleaxe of the Vestibule of Hell {freeze, Int+3}
   (You bought it in a shop on level 2 of the Shoals)

   It has been specially enchanted to freeze those struck by it, causing extra
   injury to most foes and up to half again as much damage against particularly
   susceptible opponents.
   It can also slow down cold-blooded creatures.
   It affects your intelligence (+3).
Armour
 j - the +4 ring mail "Ziass" (worn) {MR+}
   (You bought it in a shop on level 1 of the Snake Pit)

   It affects your resistance to hostile enchantments.
 p - a +0 pair of gloves (worn)
 M - a +0 cloak of poison resistance (worn)
 P - a +3 ring mail of fire resistance
 T - a +1 helmet (worn)
 V - a +1 pair of boots of running (worn)
Jewellery
 s - a ring of flight (right hand)
 u - a +3 ring of dexterity (left hand)
 z - an uncursed amulet of guardian spirit
 A - an uncursed ring of positive energy
 F - an uncursed ring of sustain attributes
 O - the ring of Divine Intervention {Int+5 Stlth+}
   (You found it on level 3 of the Shoals)

   [ring of stealth]

   It affects your intelligence (+5).
   It makes you more stealthy.
 S - a +3 amulet of reflection (around neck)
Wands
 e - a wand of slowing (31/48)
 i - a wand of heal wounds (0/9)
 v - a wand of teleportation (7/9)
 y - a wand of flame (22/48)
 E - a wand of iceblast (5/15)
 I - a wand of digging (4/24)
 R - a wand of random effects (32/48)
Scrolls
 h - 12 scrolls of teleportation
 k - 21 scrolls of remove curse
 l - a scroll of silence
 n - 2 scrolls of fear
 o - 3 scrolls of blinking
 q - a scroll of holy word
 x - a scroll of summoning
 D - 9 scrolls of identify
 J - 2 scrolls of magic mapping
 L - a scroll of fog
Potions
 c - 5 potions of heal wounds
 d - a potion of flight
 g - 4 potions of cure mutation
 m - 4 potions of brilliance
 r - a potion of magic
 w - a potion of ambrosia
 C - 2 potions of agility
 G - 3 potions of cancellation
 K - 4 potions of berserk rage
 Q - 2 potions of might
 U - 6 potions of curing
 Z - 3 potions of haste
Books
 N - a book of the Warp

   Spells                             Type                      Level
   a - Recall                         Summoning/Translocation      3
   b - Gell's Gravitas                Hexes/Translocation          3
   c - Force Lance                    Conjuration/Translocation    4
   d - Warp Weapon                    Charms/Translocation         5
   e - Summon Forest                  Summoning/Translocation      5
Comestibles
 f - 23 bread rations
 t - a meat ration


   Skills:
 * Level 14.6 Fighting
 - Level 21.0 Axes
 + Level 15.0 Armour
 + Level 14.7 Dodging
   Level 3.2 Shields
 - Level 14.1 Invocations


You had 17 spell levels left.
You didn't know any spells.

Dungeon Overview and Level Annotations

Branches:
Dungeon (15/15)            Temple (1/1) D:6            Lair (8/8) D:9
 Shoals (4/4) Lair:4        Snake (4/4) Lair:3        Slime (0/6) Lair:7
    Orc (2/2) D:12            Elf (0/3) Orc:2        Vaults (0/5) D:13
 Depths (0/5) D:15

Altars:
Ashenzari
Cheibriados
Dithmenos
Elyvilon
Fedhas
Gozag
Kikubaaqudgha
Makhleb
Nemelex Xobeh
Okawaru
Pakellas
Qazlal
Ru
Sif Muna
Trog
Vehumet
Xom
Yredelemnul
Zin
The Shining One
Beogh
Jiyva

Shops:
D:7 ?   D:8 :   D:9 !:   D:15 ?   Orc:2 =[%}   Shoals:2 :(((%   Shoals:3 [
Snake:1 [=


Innate Abilities, Weirdness & Mutations

You are resistant to damage.
You can recharge devices by infusing magical energy.
You resist negative energy.
You passively map a large area around you.
You do not regenerate naturally.
You have supernaturally acute eyesight.


Message History

The snapping turtle is almost dead.
You closely miss the satyr.
The satyr is lightly wounded.
The snapping turtle withdraws into its shell!
Unknown command.
Unknown command.
You hit the snapping turtle but do no damage.
The snapping turtle is almost dead.
You slice the satyr!! You burn the satyr.
The satyr is moderately wounded.
The satyr shoots a sling bullet.
The sling bullet hits you!!
* * * LOW HITPOINT WARNING * * *
Unknown command.
Unknown command.
You barely miss the snapping turtle.
The snapping turtle is almost dead.
You slash the satyr! You burn the satyr.
The satyr is heavily wounded.
The satyr shoots a sling bullet.
The sling bullet hits you!
You die...

.≈≈≈.≈≈≈≈≈≈≈≈≈≈≈≈≈P... ,
.....
≈≈..≈≈≈≈≈≈≈≈≈..≈≈.....
,..... ,
≈≈..≈≈≈≈......).......
..... ,
.≈......)....)(..../..,
,.....
,≈c......))).).....(...
,..... ,,
.≈....)(.).(†.........
,,....
,≈≈....((.((.\)........,,
... ,,
........(.(.t......... ,
, ≈≈.......((.c@.....(..
, ,,
≈.........((.......... ,,
, , ≈
≈≈.......(.<#...≈≈....
≈≈≈.........(...≈≈≈≈≈ ≈ ≈
≈≈≈≈≈≈.........(.≈≈≈≈≈≈
≈≈
≈≈≈≈≈≈≈≈........≈≈≈≈≈≈≈≈
≈ ≈≈≈≈≈≈≈≈≈≈.≈..≈≈≈≈≈≈≈ ≈
≈ ≈≈≈≈≈≈≈≈≈≈≈≈≈≈≈≈≈≈≈≈ ≈
≈ ≈≈≈≈≈≈≈≈≈≈≈≈≈≈≈≈≈≈≈≈ ≈
≈ ≈


You could see a satyr and a snapping turtle (withdrawn).

Vanquished Creatures
  Vashnia (Snake:4)
  Rupert (Lair:5)
  Kirke (Lair:7)
  10 greater nagas
  Maud (Lair:7)
  A frost giant (D:12)
  An orc warlord (Orc:2)
  Louise (Snake:4)
  Aizul (Snake:3)
  A stone giant (Orc:2)
  5 merfolk impalers
  4 vault guards (D:13)
  A minotaur (Lab)
  A merfolk javelineer (Shoals:4)
  Harold (D:12)
  A fire dragon (Lair:8)
  23 naga warriors
  8 hydras
  An ice dragon (Lair:8)
  Fannar (Orc:1)
  3 centaur warriors
  Erica (D:8)
  The ghost of sergedm the Eclecticist, a journeyman DECj of Vehumet (D:14)
  10 anacondas
  An alligator snapping turtle (Shoals:3)
  2 merfolk avatars (Shoals:3)
  3 merfolk aquamancers
  An ogre mage (Orc:2)
  2 shock serpents
  4 death yaks (Lair:8)
  The ghost of lightmor the Covert, a journeyman SpEn of Gozag (D:11)
  5 orc high priests
  15 naga sharpshooters
  Nergalle (Lair:3)
  3 unseen horrors
  5 salamander mystics
  8 naga ritualists
  6 sea snakes
  8 hill giants
  2 lindwurms (Lair:8)
  6 harpies (Shoals:3)
  A necromancer (IceCv)
  4 orc knights (Orc:2)
  5 griffons
  6 ugly things
  2 oklob plants
  12 mana vipers
  A wolf spider (D:15)
  10 salamanders
  2 deep elf magi
  A hornet (shapeshifter) (D:15)
  5 orc sorcerers
  2 fauns (Shoals:4)
  A sphinx skeleton (Volcano)
  4 manticores
  8 cyclopes
  7 torpor snails
  A water nymph (Shoals:2)
  4 elephants
  3 gargoyles
  3 sirens (Shoals:4)
  11 guardian serpents
  17 naga magi
  Joseph (D:8)
  2 ice statues (IceCv)
  32 black mambas
  14 spiny frogs
  4 rime drakes
  7 ice devils (IceCv)
  2 kobold demonologists (D:11)
  11 komodo dragons
  2 tengu conjurers (D:15)
  7 two-headed ogres
  10 trolls
  A polar bear (Lair:6)
  3 harpy zombies (Shoals:2)
  20 merfolk
  A wind drake (Shoals:4)
  4 giant leeches (Lair:8)
  6 slime creatures (D:12)
  2 snapping turtles (Shoals:2)
  The ghost of ThereIsNoGod the Covert, an amateur OpAs (Ossuary)
  A griffon zombie (Shoals:2)
  4 blink frogs
  2 flying skulls (Volcano)
  3 shadows
  5 wyverns
  A spriggan (D:10)
  7 water elementals
  32 yaks
  7 hogs (Lair:7)
  2 vampires (Volcano)
  A wraith (D:14)
  15 hippogriffs
  4 hungry ghosts
  3 basilisks
  6 steam dragons
  2 mottled dragons (Lair:8)
  Menkaure (Volcano)
  3 hill giant skeletons (Volcano)
  4 vampire mosquitoes (D:12)
  A warg (Orc:2)
  58 nagas
  A soldier ant (D:12)
  20 water moccasins
  A merfolk skeleton (Volcano)
  2 swamp drakes (Lair:8)
  18 porcupines
  A sky beast (D:7)
  3 ice beasts
  An eye of draining (D:15)
  3 necrophages
  51 orc warriors
  5 wasps
  2 black bears
  A phantom (D:6)
  3 boggarts (D:15)
  15 ogres
  23 centaurs
  3 wolves (Lair:6)
  21 crocodiles
  4 big kobolds
  16 giant frogs
  A gnoll sergeant (D:7)
  A wyvern zombie (D:9)
  A hippogriff zombie (Shoals:2)
  3 scorpions
  A wyvern skeleton (D:12)
  16 killer bees
  A spriggan skeleton (Volcano)
  2 electric eels
  A troll skeleton (Volcano)
  11 wights
  2 howler monkeys
  5 crimson imps
  A giant frog zombie (D:13)
  7 centaur zombies
  A quasit (D:10)
  A human zombie (Ossuary)
  A draconian simulacrum (IceCv)
  8 hounds
  3 jellies
  6 centaur skeletons
  28 orc priests
  A giant frog skeleton (D:11)
  23 orc wizards
  2 two-headed ogre skeletons (Volcano)
  10 iguanas
  3 troll simulacra (IceCv)
  12 worker ants
  A spriggan simulacrum (IceCv)
  15 sheep
  A big kobold zombie (Ossuary)
  2 centaur simulacra
  A hound zombie (D:10)
  An ogre skeleton (Volcano)
  5 mummies
  A worker ant zombie (D:9)
  13 gnolls
  3 naga simulacra (IceCv)
  An ogre simulacrum (IceCv)
  9 adders
  86 river rats
  4 shadow imps
  2 oozes
  An adder skeleton (D:5)
  23 worms
  3 dart slugs
  13 giant geckos
  123 orcs
  A ball python (D:1)
  9 bats
  5 giant cockroaches
  4 goblins
  6 hobgoblins
  19 jackals
  3 quokkas
  9 giant newts
  4 goblin zombies
  10 hobgoblin zombies (Ossuary)
  A jackal skeleton (D:7)
  5 jackal zombies
  27 kobolds
  6 kobold zombies (Ossuary)
  9 orc zombies (Ossuary)
  A quokka skeleton (D:6)
  12 rats
  A rat zombie (Ossuary)
  10 fungi
  17 plants
  A spectral weapon (Snake:1)
1369 creatures vanquished.

Vanquished Creatures (collateral kills)
  Asterion (Snake:1)
  The ghost of puimuR the Bludgeoner, an adept TrWr of the Shining One (Snake:4)
  Ilsuiw (Shoals:4)
  Nessos (Lair:6)
  2 naga warriors
  2 merfolk aquamancers (Shoals:4)
  A faun (Shoals:4)
  2 black mambas
  A guardian serpent (Snake:1)
  A hippogriff (Lair:3)
  3 nagas
16 creatures vanquished.

Vanquished Creatures (others)
  A naga sharpshooter (Snake:4)
  A cyclops (D:14)
  4 yaks (Lair:8)
  A porcupine (Lair:8)
  A jelly (D:10)
  A kobold (D:13)
  4 fungi
  12 plants
25 creatures vanquished.

Grand Total: 1410 creatures vanquished

Notes
Turn   | Place    | Note
--------------------------------------------------------------
     0 | D:1      | kae the Deep Dwarf Fighter began the quest for the Orb.
     0 | D:1      | Reached XP level 1. HP: 20/20 MP: 1/1
    96 | D:1      | Reached skill level 3 in Axes
   102 | D:1      | Reached XP level 2. HP: 12/27 MP: 2/2
   190 | D:1      | Reached XP level 3. HP: 13/33 MP: 3/3
   213 | D:1      | Reached skill level 4 in Axes
   814 | D:2      | Found a basalt altar of Yredelemnul.
   819 | D:2      | Reached XP level 4. HP: 37/40 MP: 4/4
   952 | D:2      | Reached skill level 5 in Axes
  2252 | D:4      | Reached XP level 5. HP: 33/46 MP: 5/5
  2264 | D:4      | Reached skill level 6 in Axes
  2393 | D:4      | Found a shadowy altar of Dithmenos.
  2419 | D:4      | Reached skill level 7 in Axes
  2419 | D:4      | Reached XP level 6. HP: 36/55 MP: 6/6
  2825 | D:5      | Entered Level 5 of the Dungeon
  2902 | D:5      | Reached skill level 8 in Axes
  2940 | D:5      | Reached XP level 7. HP: 44/61 MP: 7/7
  2981 | D:5      | Found a sand-covered staircase.
  3004 | Ossuary  | Entered an ossuary
  3109 | Ossuary  | Noticed ThereIsNoGod's ghost (amateur OpAs)
  3129 | Ossuary  | Killed ThereIsNoGod's ghost
  3129 | Ossuary  | Reached skill level 9 in Axes
  3305 | D:5      | Found a sparkling altar of Nemelex Xobeh.
  3316 | D:5      | Reached skill level 10 in Axes
  3634 | D:5      | Reached XP level 8. HP: 56/68 MP: 8/8
  3702 | D:6      | Reached skill level 11 in Axes
  3789 | D:6      | Found a staircase to the Ecumenical Temple.
  3878 | D:6      | Reached skill level 12 in Axes
  4014 | D:7      | Gained mutation: You passively map the area around you. [Deep Dwarf growth]
  4014 | D:7      | Reached XP level 9. HP: 55/74 MP: 9/9
  4047 | Temple   | Entered the Ecumenical Temple
  4216 | Temple   | Became a worshipper of Makhleb the Destroyer
  4369 | D:6      | Reached skill level 13 in Axes
  4675 | D:7      | Gained mutation: Your mind is acute. (Int +2) [potion of beneficial mutation]
  4676 | D:7      | Gained mutation: You are resistant to hostile enchantments. [potion of beneficial mutation]
  4906 | D:7      | Reached * piety under Makhleb
  4961 | D:7      | Found Tomew's Magic Scroll Emporium.
  4968 | D:7      | Bought a scroll of identify for 28 gold pieces
  4968 | D:7      | Bought a scroll of identify for 28 gold pieces
  4968 | D:7      | Bought a scroll of enchant armour for 105 gold pieces
  5241 | D:7      | Bought a scroll of recharging for 133 gold pieces
  5424 | D:8      | Reached skill level 14 in Axes
  5487 | D:8      | Noticed Joseph
  5509 | D:8      | Killed Joseph
  5603 | D:8      | Found Loohecow's Book Shoppe.
  5910 | D:8      | Noticed Erica
  5923 | D:8      | Killed Erica
  5923 | D:8      | Reached skill level 15 in Axes
  5923 | D:8      | Reached XP level 10. HP: 52/81 MP: 9/9
  6134 | D:9      | Found a staircase to the Lair.
  6157 | D:9      | Reached ** piety under Makhleb
  6355 | D:9      | Found Aquozet's Book Shop.
  7044 | D:9      | Found Fapiliz's Distillery.
  7085 | Lair:1   | Entered Level 1 of the Lair of Beasts
  7139 | Lair:1   | Reached skill level 16 in Axes
  7161 | Lair:1   | Noticed a spiny frog
  7174 | Lair:1   | Killed a spiny frog
  7259 | Lair:1   | Noticed a spiny frog
  7275 | Lair:1   | Killed a spiny frog
  7283 | Lair:1   | Noticed a spiny frog
  7294 | Lair:1   | Killed a spiny frog
  7294 | Lair:1   | Reached *** piety under Makhleb
  7483 | Lair:1   | Found a burning altar of Makhleb.
  7523 | Lair:1   | Reached skill level 5 in Fighting
  7979 | Lair:1   | Noticed a spiny frog
  7991 | Lair:1   | Killed a spiny frog
  8167 | Lair:2   | Reached XP level 11. HP: 27/97 MP: 0/10
  8507 | Lair:2   | Reached **** piety under Makhleb
  8587 | Lair:2   | Noticed a six-headed hydra
  8613 | Lair:1   | Reached skill level 1 in Invocations
  8916 | Lair:2   | Noticed an eight-headed hydra
  8996 | Lair:3   | Found a staircase to the Snake Pit.
  9113 | Lair:3   | Noticed Nergalle
  9131 | Lair:3   | Killed Nergalle
  9145 | Lair:3   | Found a dark tunnel.
  9149 | Lair:3   | Reached skill level 5 in Invocations
  9155 | Volcano  | Entered a volcano
  9359 | Volcano  | Noticed Menkaure
  9369 | Volcano  | Killed Menkaure
  9622 | Lair:3   | Reached ***** piety under Makhleb
  9687 | Lair:3   | Reached skill level 1 in Dodging
 10401 | Lair:2   | Killed a three-headed hydra
 10401 | Lair:2   | Reached skill level 5 in Armour
 10405 | Lair:2   | Killed a three-headed hydra
 10549 | Lair:4   | Reached XP level 12. HP: 98/109 MP: 14/14
 10553 | Lair:4   | Reached skill level 5 in Dodging
 10816 | Lair:4   | Found a staircase to the Shoals.
 11898 | Lair:5   | Noticed a five-headed hydra
 11904 | Lair:5   | Killed a one-headed hydra
 11926 | Lair:6   | Noticed Rupert
 11937 | Lair:5   | Killed Rupert
 12032 | Lair:6   | Reached ****** piety under Makhleb
 12106 | Lair:6   | Noticed an eight-headed hydra
 12112 | Lair:6   | Killed a five-headed hydra
 12114 | Lair:6   | Reached skill level 10 in Armour
 12287 | Lair:6   | Reached XP level 13. HP: 115/115 MP: 15/15
 12432 | Lair:6   | Noticed Nessos
 12481 | Lair:6   | Killed Nessos
 12717 | Lair:7   | Reached skill level 10 in Dodging
 12740 | Lair:7   | Found a labyrinth entrance.
 12759 | Lab      | Entered a labyrinth
 12895 | Lab      | Noticed a minotaur
 12909 | Lab      | Killed a minotaur
 12961 | Lab      | Identified Qairynall's Compendium of Frigorific Darkness
 12977 | Lab      | Identified Mito's Reference Book on Talismans
 13206 | Lair:7   | You fall through a shaft!
 13206 | Lair:8   | Entered Level 8 of the Lair of Beasts
 13298 | Lair:7   | Found a staircase to the Slime Pits.
 13298 | Lair:7   | Found a viscous altar of Jiyva.
 13367 | Lair:7   | Noticed Kirke
 13384 | Lair:7   | Killed Kirke
 13384 | Lair:7   | Reached skill level 10 in Invocations
 13583 | Lair:7   | Noticed Maud
 13601 | Lair:7   | Killed Maud
 13923 | Lair:8   | Reached skill level 17 in Axes
 14036 | Lair:8   | Found a runed door.
 14205 | Lair:8   | Lost mutation: You are resistant to hostile enchantments. [potion of cure mutation]
 14205 | Lair:8   | Lost mutation: Your mind is acute. (Int +2) [potion of cure mutation]
 14206 | Lair:8   | Gained mutation: You have supernaturally acute eyesight. [potion of beneficial mutation]
 14268 | Lair:8   | Gained mutation: You resist negative energy. [Deep Dwarf growth]
 14268 | Lair:8   | Reached XP level 14. HP: 103/123 MP: 17/17
 14322 | Lair:8   | Reached skill level 18 in Axes
 15486 | D:10     | Entered Level 10 of the Dungeon
 15720 | D:10     | Reached skill level 19 in Axes
 16532 | D:11     | Noticed lightmor's ghost (journeyman SpEn)
 16544 | D:11     | Killed lightmor's ghost
 16747 | D:12     | Noticed Harold
 16768 | D:12     | Killed Harold
 16863 | D:12     | Reached skill level 20 in Axes
 17096 | D:12     | Noticed a frost giant
 17128 | D:12     | Killed a frost giant
 17242 | D:12     | Found a staircase to the Orcish Mines.
 17325 | Orc:1    | Entered Level 1 of the Orcish Mines
 17328 | Orc:1    | Noticed Fannar
 17347 | Orc:1    | Killed Fannar
 17453 | Orc:1    | Reached XP level 15. HP: 128/128 MP: 17/17
 17454 | Orc:1    | Found a frozen archway.
 17633 | IceCv    | Entered an ice cave
 18103 | Orc:1    | Identified a +0 pair of boots of running (You found it on level 1 of the Orcish Mines)
 18103 | Orc:1    | Identified a scroll of acquirement
 18331 | Orc:2    | Entered Level 2 of the Orcish Mines
 18627 | Orc:2    | Reached skill level 21 in Axes
 18738 | Orc:2    | Found a staircase to the Elven Halls.
 18930 | Orc:2    | Noticed an orc warlord
 18951 | Orc:2    | Killed an orc warlord
 19076 | Orc:2    | Found a roughly hewn altar of Beogh.
 19095 | Orc:2    | Found Lyrchaur's Jewellery Emporium.
 19125 | Orc:2    | Bought a cursed amulet of inaccuracy for 28 gold pieces
 19125 | Orc:2    | Bought a cursed ring of teleportation for 63 gold pieces
 19148 | Orc:2    | Found Ymeocsoisk's Armour Boutique.
 19405 | Orc:2    | Found a roughly hewn altar of Beogh.
 19487 | Orc:2    | Found Ycsozu's Gadget Emporium.
 19506 | Orc:2    | Found Sassadom's Food Shoppe.
 19921 | D:13     | Found a gate to the Vaults.
 20956 | D:14     | Noticed sergedm's ghost (journeyman DECj)
 20961 | D:14     | Killed sergedm's ghost
 21246 | D:14     | Reached XP level 16. HP: 142/142 MP: 20/20
 21352 | D:15     | Entered Level 15 of the Dungeon
 21466 | D:15     | Found Cist's Magic Scroll Shoppe.
 21481 | D:15     | Bought a scroll of identify for 30 gold pieces
 21481 | D:15     | Bought a scroll of enchant armour for 112 gold pieces
 21481 | D:15     | Bought a scroll of recharging for 142 gold pieces
 21625 | D:15     | Found a staircase to the Depths.
 22227 | Snake:1  | Entered Level 1 of the Snake Pit
 22322 | Snake:1  | Found Raufre Iwkot's Antique Armour Emporium.
 22332 | Snake:1  | Bought a pitted ring mail for 252 gold pieces
 22342 | Snake:1  | Identified the +4 ring mail "Ziass" {MR+} (You bought it in a shop on level 1 of the Snake Pit)
 22343 | Snake:1  | Noticed Asterion
 22365 | Snake:1  | Killed Asterion
 22889 | Snake:1  | Found Veraom's Jewellery Shop.
 22892 | Snake:1  | Bought a cursed ring of loudness for 90 gold pieces
 22923 | Snake:1  | Reached skill level 10 in Fighting
 24677 | Snake:3  | Noticed Aizul
 24690 | Snake:3  | Killed Aizul
 24898 | Snake:3  | Reached XP level 17. HP: 81/157 MP: 21/21
 25565 | Snake:4  | Entered Level 4 of the Snake Pit
 25792 | Snake:4  | Noticed puimuR's ghost (adept TrWr)
 25827 | Snake:4  | Killed puimuR's ghost
 26008 | Snake:4  | Noticed Louise
 26020 | Snake:4  | Killed Louise
 26035 | Snake:4  | Noticed Vashnia
 26124 | Snake:4  | Killed Vashnia
 27138 | Snake:4  | Gained mutation: You passively map a large area around you. [Deep Dwarf growth]
 27138 | Snake:4  | Reached XP level 18. HP: 174/174 MP: 20/20
 27161 | Snake:4  | Got a serpentine rune of Zot
 27433 | Shoals:1 | Entered Level 1 of the Shoals
 27748 | Shoals:2 | Found Ofreozxe's Book Shop.
 27880 | Shoals:2 | Found Veiloquj's Antique Weapon Emporium.
 27889 | Shoals:2 | Bought a translucent battleaxe for 425 gold pieces
 27908 | Shoals:2 | Found Cocip's Antique Weapon Boutique.
 27933 | Shoals:2 | Identified the +6 battleaxe of the Vestibule of Hell {freeze, Int+3} (You bought it in a shop on level 2 of the Shoals)
 27967 | Shoals:2 | Found Hunigoj's Weapon Shoppe.
 28018 | Shoals:2 | Found Satuforch's Food Shop.
 28258 | Shoals:3 | Found a runed door.
 28308 | Shoals:3 | Found Effiug's Antique Armour Emporium.
 28634 | Shoals:3 | Got an ancient amber ring
 28733 | Shoals:4 | Entered Level 4 of the Shoals
 28734 | Shoals:4 | Identified the ring of Divine Intervention {Int+5 Stlth+} (You found it on level 3 of the Shoals)
 28749 | Shoals:4 | Noticed Ilsuiw
 28789 | Shoals:4 | HP: 2/176 [merfolk javelineer/javelin (17)]
 28793 | Shoals:4 | Killed Ilsuiw
 29083 | Shoals:4 | Reached skill level 15 in Armour
 29125 | Shoals:4 | HP: 5/176 [satyr/sling bullet (26)]
 29126 | Shoals:4 | Shot with a sling bullet by a satyr

Skill      XL: |  1  2  3  4  5  6  7  8  9 10 11 12 13 14 15 16 17 18 |
---------------+-------------------------------------------------------+-----
Axes           | 3 4 5 7 8 10 12 15 16 17 20 21 | 21.0
Fighting       | 6 7 8 11 13 14 | 14.6
Invocations    | 8 11 14 | 14.1
Dodging        | 4 9 10 11 12 14 | 14.7
Armour         | 5 10 11 13 14 15 | 15.0
Shields        | |  3.2

Action                   |  1- 3 |  4- 6 |  7- 9 | 10-12 | 13-15 | 16-18 || total
-------------------------+-------+-------+-------+-------+-------+-------++-------
Melee: War axe           |   121 |   185 |   469 |   618 |       |       ||  1393
       Battleaxe         |       |       |       |   249 |  1331 |  1151 ||  2731
Invok: Lesser Servant of |       |       |       |     2 |     5 |       ||     7
       Greater Servant o |       |       |       |       |       |     6 ||     6
       Major Destruction |       |       |       |       |       |     3 ||     3
 Abil: Device Recharging |       |       |     1 |     3 |     2 |     4 ||    10
       Evoke Flight      |       |       |       |       |       |     1 ||     1
Evoke: Wand              |     1 |     2 |    10 |    32 |    11 |    33 ||    89
  Use: Scroll            |     5 |    11 |     5 |    13 |    16 |    12 ||    62
       Potion            |       |     2 |     7 |     5 |     6 |     5 ||    25
 Stab: Invisible         |       |     1 |       |     4 |     3 |       ||     8
       Distracted        |       |       |     1 |     2 |       |     2 ||     5
       Confused          |       |       |       |       |       |     1 ||     1
  Eat: Chunk             |       |     2 |    11 |    19 |    39 |     4 ||    75
       Meat ration       |       |     1 |     3 |       |       |     3 ||     7
       Pizza             |       |       |       |     1 |       |       ||     1
       Bread ration      |       |       |       |       |       |     1 ||     1
       Royal jelly       |       |       |       |       |       |     1 ||     1
Armor: Scale mail        |    55 |    68 |   142 |   128 |       |       ||   393
       Ring mail         |       |       |       |    87 |   287 |   298 ||   672
Dodge: Dodged            |    34 |    46 |    69 |   281 |   883 |  1020 ||  2333
Block: Shield            |    65 |   101 |   232 |   290 |       |       ||   688
       Other             |       |       |       |       |    38 |   126 ||   164
       Reflection        |       |       |       |       |     5 |    10 ||    15
